 Dungeon Crawl Stone Soup version 0.31-a0-237-g2d982f9f85 (webtiles) character file.

Game seed: 14188914235275346411

531 qw the Shooter (level 7, -17/60 HPs)
             Began as a Minotaur Hexslinger on July 11, 2023.
             Was an Initiate of Okawaru.
             Demolished by Menkaure (19 damage)
             ... on level 4 of the Dungeon.
             The game lasted 00:01:17 (3117 turns).

qw the Shooter (Minotaur Hexslinger)                Turns: 3117, Time: 00:01:17

Health: -17/60     AC:  6    Str: 12 (13) XL:     7   Next: 3%
Magic:  7/7        EV: 11    Int:  6 (8)  God:    Okawaru [......]
Gold:   144        SH:  0    Dex: 20      Spells: 7/8 levels left

rFire   . . .        Y - +1 sling (drain)
rCold   . . .        (no shield)
rNeg    + . .        d - +0 ring mail
rPois   +            (helmet restricted)
rElec   .            (no cloak)
rCorr   .            (no gloves)
SInv    +            m - +0 pair of boots
Will    .....        g - amulet "Baemij" {Faith rPois Will- Dex+6 SInv}
Stlth   +            j - ring of positive energy
HPRegen 0.30/turn    (no ring)
MPRegen 0.10/turn

%: random rage (3%), faith
@: no status effects
A: horns 2, retaliatory headbutt, berserk 1, dopey 1
a: Renounce Religion


You were on level 4 of the Dungeon.
You worshipped Okawaru.
Okawaru was noncommittal.
You visited 1 branch of the dungeon, and saw 4 of its levels.

You collected 202 gold pieces.
You spent 58 gold pieces at shops.


Innate Abilities, Weirdness & Mutations

You have a pair of horns on your head.
You reflexively headbutt those who attack you in melee.
You sometimes lose your temper in combat.
You are dopey. (Int -2)


   Skills:
 - Level 4.5 Fighting
 - Level 7.2 Ranged Weapons
 - Level 1.0 Armour
 + Level 2.1 Dodging
 - Level 1.0 Spellcasting
 - Level 2.0 Hexes


You had 7 spell levels left.
You knew the following spells:

 Your Spells              Type           Power      Damage    Failure   Level
a - Slow                  Hex            8%         N/A       41%         1

Your spell library contained the following spells:

 Spells                   Type           Power      Damage    Failure   Level
 Inner Flame              Hex/Fire       1%         N/A       90%         3
 Portal Projectile        Hex/Tloc       2%         N/A       90%         3
 Cause Fear               Hex            1%         N/A       99%         4

Inventory:

Hand Weapons
 Y - a +1 sling of draining (weapon)
Armour
 d - a +0 ring mail (worn)
 m - a +0 pair of boots (worn)
Jewellery
 c - a ring of fire
 g - the amulet "Baemij" (around neck) {Faith rPois Will- Dex+6 SInv}
   (You found it on level 3 of the Dungeon)

   [amulet of faith]

   It allows you to gain divine favour quickly.
   Dex:       It affects your dexterity (+6).
   rPois:     It protects you from poison.
   SInv:      It lets you see invisible.
   Will:      It decreases your willpower.
 j - a ring of positive energy (left hand)
Scrolls
 a - a scroll of identify
Potions
 b - a potion of cancellation
 f - a potion of enlightenment
 i - a potion of curing

Dungeon Overview and Level Annotations

Branches:
Dungeon (4/15)
 Temple: D:4-7

Altars:
Ashenzari
Fedhas
Kikubaaqudgha
Okawaru
Sif Muna
Wu Jian

Shops:
D:1 *[!

Annotations:
D:3 2 runed translucent doors, qw's ghost, amateur MiHs
D:4 Menkaure


Message History

You hear a shout!
Menkaure, Prince of Dust comes into view.
An ogre comes into view. It is wielding a +0 giant club.
You shoot a sling bullet. The sling bullet hits the ogre!
The ogre is heavily wounded.
You shoot a sling bullet. The sling bullet hits the ogre.
You drain the ogre.
The ogre is almost dead.
The ogre barely misses you.
Menkaure calls on the powers of darkness!
Your body is wracked with pain!
The ogre convulses!
You shoot a sling bullet.
The sling bullet hits the ogre but does no damage.
The ogre is almost dead.
The ogre hits you with a +0 giant spiked club!
You shoot a sling bullet. The sling bullet hits the ogre.
The ogre is almost dead.
You shoot a sling bullet.
The sling bullet barely misses the ogre.
The sling bullet hits the ogre.
The ogre is heavily wounded.
The ogre barely misses you. You furiously retaliate!
You headbutt the ogre.
You kill the ogre!
Okawaru accepts your kill. Menkaure closely misses you.
You furiously retaliate!
You headbutt Menkaure!
You feel your dexterity returning.
Your Ranged Weapons skill increases to level 7!
You have reached level 7!
You shoot a sling bullet.
The sling bullet hits the ogre but does no damage.
The ogre is heavily wounded.
The ogre hits you with a +0 giant club! Menkaure hits you but does no damage.
3116 ||| DRINKING potion of heal wounds.
You feel much better. Menkaure hits you!!
You shoot a sling bullet.
The sling bullet hits the ogre but does no damage.
You drain the ogre.
The ogre is severely wounded.
The ogre hits you with a +0 giant club! Menkaure hits you!!
You die...

.#.###. #.#.....#
#............ .
#............
....########............
#%.M@..##.)........#
#...O..............#
#..................##
#...................#
#...%.................
#............##.......
#............##.......
#............#####%...
#....).......#####....


You could see an ogre (drained) and Menkaure.

Vanquished Creatures
  Sigmund (D:2)
  Pargi (D:3)
  An ogre (D:4)
  An orc priest (D:3)
  6 adders
  2 worms (D:2)
  4 dart slugs
  12 orcs (D:3)
  6 ball pythons
  8 endoplasms
  A giant cockroach (D:2)
  8 hobgoblins
  7 jackals (D:1)
  10 kobolds
  4 quokkas
  6 bats
  2 frilled lizards
  6 goblins
  8 rats
94 creatures vanquished.

Notes
Turn   | Place    | Note
-------+----------+-------------------------------------------
     0 | D:1      | qw the Minotaur Hexslinger began the quest for the Orb.
     0 | D:1      | Reached XP level 1. HP: 16/16 MP: 1/1
     0 | D:1      | 0 ||| qw: Version: 0.3-a-52-g30416fa
     0 | D:1      | 0 ||| qw: Game counter: 5755
     0 | D:1      | 0 ||| qw: Melee chars always use a shield: true
     0 | D:1      | 0 ||| qw: God list: Okawaru
     0 | D:1      | 0 ||| qw: Allow faded altars: false
     0 | D:1      | 0 ||| qw: Do Orc after clearing Dungeon:15 true
     0 | D:1      | 0 ||| qw: Do second Lair branch before Depths: true
     0 | D:1      | 0 ||| qw: Lair rune preference: random
     0 | D:1      | 0 ||| qw: Goals: Normal
     0 | D:1      | 0 ||| PLANNING D:1-11
    98 | D:1      | Reached skill level 3 in Ranged Weapons
   102 | D:1      | Reached XP level 2. HP: 18/23 MP: 2/2
   392 | D:1      | Found Ofaasoym's Distillery.
   401 | D:1      | 401 ||| SHOPLISTING potion of cancellation (96 gold, have
                  | 27).
   401 | D:1      | 401 ||| SHOPLISTING potion of haste (120 gold, have 27).
   599 | D:1      | Reached XP level 3. HP: 29/29 MP: 3/3
   677 | D:1      | Found Qakedurr's Armour Shoppe.
   681 | D:1      | 681 ||| BUYING +0 pair of boots (58 gold).
   681 | D:1      | Bought a +0 pair of boots for 58 gold pieces
   742 | D:1      | Found Puonepef's General Store.
   746 | D:1      | 746 ||| SHOPLISTING potion of enlightenment (50 gold, have
                  | 7).
   746 | D:1      | 746 ||| SHOPLISTING potion of might (40 gold, have 7).
   746 | D:1      | 746 ||| SHOPLISTING potion of mutation (80 gold, have 7).
   860 | D:1      | 860 ||| UPGRADING to +0 ring mail.
   870 | D:1      | 870 ||| DROPPING +0 robe.
   871 | D:1      | 871 ||| UPGRADING to +0 pair of boots.
   876 | D:1      | 876 ||| UPGRADING to ring of positive energy.
   877 | D:1      | 877 ||| READING 2 scrolls labelled FOZOOQUTASM.
   878 | D:1      | 878 ||| READING scroll labelled TULANU NIOL.
   879 | D:1      | 879 ||| DRINKING 2 coppery potions.
   880 | D:1      | 880 ||| DROPPING scroll of poison.
   946 | D:2      | Noticed Sigmund
   953 | D:2      | Killed Sigmund
   954 | D:2      | Reached skill level 6 in Ranged Weapons
   954 | D:2      | Reached XP level 4. HP: 11/36 MP: 4/4
   954 | D:2      | Reached XP level 5. HP: 13/41 MP: 5/5
  1120 | D:2      | Found a faded altar of an unknown god.
  1188 | D:2      | Reached skill level 1 in Armour
  1776 | D:2      | 1776 ||| READING scroll labelled YCVITHR CIKHAGU.
  1795 | D:3      | Reached skill level 3 in Fighting
  2108 | D:3      | Noticed Pargi
  2124 | D:3      | Killed Pargi
  2125 | D:3      | Reached XP level 6. HP: 44/53 MP: 6/6
  2125 | D:3      | 2125 ||| FLEEEEING.
  2129 | D:3      | 2129 ||| FLEEEEING.
  2130 | D:3      | 2130 ||| FLEEEEING.
  2131 | D:3      | 2131 ||| FLEEEEING.
  2132 | D:3      | 2132 ||| FLEEEEING.
  2133 | D:3      | 2133 ||| FLEEEEING.
  2134 | D:3      | 2134 ||| FLEEEEING.
  2135 | D:3      | 2135 ||| FLEEEEING.
  2136 | D:3      | 2136 ||| FLEEEEING.
  2261 | D:3      | Found a runed translucent door.
  2333 | D:3      | Noticed qw's ghost (amateur MiHs)
  2414 | D:3      | Found an ornate altar of the Wu Jian Council.
  2416 | D:3      | Found an ancient bone altar of Kikubaaqudgha.
  2417 | D:3      | Found a runed translucent door.
  2520 | D:3      | Identified the amulet "Baemij" {Faith rPois Will- Dex+6
                  | SInv}
  2661 | D:3      | 2661 ||| FLEEEEING.
  2671 | D:3      | 2671 ||| FLEEEEING.
  2672 | D:3      | 2672 ||| FLEEEEING.
  2673 | D:3      | 2673 ||| FLEEEEING.
  2674 | D:3      | 2674 ||| FLEEEEING.
  2675 | D:3      | 2675 ||| FLEEEEING.
  2676 | D:3      | 2676 ||| FLEEEEING.
  2677 | D:3      | 2677 ||| FLEEEEING.
  2678 | D:3      | 2678 ||| FLEEEEING.
  2679 | D:3      | 2679 ||| FLEEEEING.
  2680 | D:3      | 2680 ||| FLEEEEING.
  2681 | D:3      | 2681 ||| FLEEEEING.
  2682 | D:3      | 2682 ||| FLEEEEING.
  2683 | D:3      | 2683 ||| FLEEEEING.
  2684 | D:3      | 2684 ||| FLEEEEING.
  2685 | D:3      | 2685 ||| FLEEEEING.
  2686 | D:3      | 2686 ||| FLEEEEING.
  2687 | D:3      | 2687 ||| FLEEEEING.
  2688 | D:3      | 2688 ||| FLEEEEING.
  2689 | D:3      | 2689 ||| FLEEEEING.
  2690 | D:3      | 2690 ||| FLEEEEING.
  2691 | D:3      | 2691 ||| FLEEEEING.
  2692 | D:3      | 2692 ||| FLEEEEING.
  2693 | D:3      | 2693 ||| FLEEEEING.
  2694 | D:3      | 2694 ||| FLEEEEING.
  2695 | D:3      | 2695 ||| FLEEEEING.
  2696 | D:3      | 2696 ||| FLEEEEING.
  2697 | D:3      | 2697 ||| FLEEEEING.
  2698 | D:3      | 2698 ||| FLEEEEING.
  2699 | D:3      | 2699 ||| FLEEEEING.
  2700 | D:3      | 2700 ||| FLEEEEING.
  2701 | D:3      | 2701 ||| FLEEEEING.
  2702 | D:3      | 2702 ||| STAIRDANCE
  2741 | D:2      | 2741 ||| UPGRADING to amulet "Baemij" {Faith rPois Will-
                  | Dex+6 SInv}.
  2746 | D:2      | 2746 ||| DRINKING 3 lumpy dark potions.
  2747 | D:2      | 2747 ||| DRINKING 2 metallic grey potions.
  2748 | D:2      | 2748 ||| DRINKING 2 purple potions.
  2748 | D:2      | Gained mutation: You are frail. (-10% HP) [potion of
                  | mutation]
  2749 | D:2      | 2749 ||| DRINKING potion of mutation.
  2749 | D:2      | Lost mutation: You are frail. (-10% HP) [potion of
                  | mutation]
  2749 | D:2      | Gained mutation: You are dopey. (Int -2) [potion of
                  | mutation]
  2749 | D:2      | Gained mutation: You sometimes lose your temper in combat.
                  | [potion of mutation]
  2770 | D:2      | 2770 ||| READING 3 scrolls of identify.
  2770 | D:2      | 2770 ||| IDENTIFYING brown potion
  2771 | D:2      | 2771 ||| READING 2 scrolls of identify.
  2771 | D:2      | 2771 ||| IDENTIFYING emerald potion
  2772 | D:2      | 2772 ||| DROPPING 2 potions of degeneration.
  2942 | D:3      | Found a broken altar of Ashenzari.
  3032 | D:4      | Found a shimmering blue altar of Sif Muna.
  3037 | D:4      | Found an iron altar of Okawaru.
  3038 | D:4      | 3038 ||| PLANNING OKAWARU WORSHIP
  3039 | D:4      | Found a blossoming altar of Fedhas.
  3049 | D:4      | Became a worshipper of Warmaster Okawaru
  3050 | D:4      | 3050 ||| PLANNING D:1-11
  3109 | D:4      | Noticed Menkaure
  3115 | D:4      | Reached skill level 7 in Ranged Weapons
  3115 | D:4      | Reached XP level 7. HP: 22/60 MP: 7/7
  3115 | D:4      | HP: 13/60 [ogre/+0 giant club (9)]
  3116 | D:4      | 3116 ||| DRINKING potion of heal wounds.
  3117 | D:4      | HP: 2/60 [ogre/+0 giant club (16)]
  3117 | D:4      | Demolished by Menkaure

Levels and vault maps discovered:
D:1:      lightli_arrival_quake, layout_basic, serial_shops, shop, shop,
          nicolae_diamond_shop, serial_glass, glass_columns_b, glass_columns_a,
          chequers_big_river
D:2:      layout_basic, basic_ecumenical_altar, uniq_sigmund
D:3:      layout_loops_corners, gammafunk_temple_overflow_forgotten,
          ebering_ghost_sewer_f, hex_large, uniq_pargi
D:4:      layout_basic, grunt_temple_overflow_open, st_stairs_9, uniq_menkaure

Skill      XL: |  1  2  3  4  5  6 |
---------------+-------------------+-----
Ranged Weapons | 3 6 7 |  7.2
Fighting       | 2 4 |  4.5
Armour         | 1 |  1.0
Dodging        | |  2.1
Spellcasting   | |  1.0
Hexes          | |  2.0

Action                     |  1- 3 |  4- 6 |  7- 9 || total
---------------------------+-------+-------+-------++-------
   Fire: Sling             |    95 |   159 |     2 ||   256
    Use: Scroll            |     2 |     3 |       ||     5
         Potion            |     1 |     4 |     1 ||     6
 Armour: Robe              |     7 |       |       ||     7
         Ring mail         |       |    32 |     1 ||    33
  Dodge: Dodged            |    31 |    33 |       ||    64

Table legend:
 A = Non-vault XP
 B = Vault XP
 C = Vault XP percentage of total XP
 D = Non-vault monster count
 E = Vault monster count
 F = Vault count percentage of total count
                 A         B        C        D         E       F
            +---------+---------+-------+---------+---------+-------
      Total |     291 |     468 |  61.7 |      90 |       4 |   4.3
            +---------+---------+-------+---------+---------+-------
        D:1 |      46 |       0 |   0.0 |      29 |       0 |   0.0
        D:2 |      69 |     214 |  75.6 |      20 |       1 |   4.8
        D:3 |     125 |     134 |  51.7 |      33 |       1 |   2.9
        D:4 |      51 |     120 |  70.2 |       8 |       2 |  20.0
            +---------+---------+-------+---------+---------+-------
